 Dungeon Crawl Stone Soup version 0.32-a0-643-ga006e7742e (webtiles) character file.

Game seed: 16712613781418521841

4 dolemite99 the Apothecary (level 1, -1/13 HPs)
             Began as a Coglin Alchemist on Mar 7, 2024.
             Slain by a ribbon worm (3 damage)
             ... on level 2 of the Dungeon.
             The game lasted 00:00:40 (786 turns).

dolemite99 the Apothecary (Coglin Alchemist)         Turns: 786, Time: 00:00:41

Health: -1/13      AC:  2    Str:  8    XL:     1   Next: 70%
Magic:  0/3        EV: 12    Int: 14    God:
Gold:   12         SH:  0    Dex: 14    Spells: 2/3 levels left

rFire   . . .        d - +0 mace {Osbert}
rCold   . . .        (no shield)
rNeg    . . .        a - +0 robe
rPois   .            (no helmet)
rElec   .            (no cloak)
rCorr   .            (no gloves)
SInv    .            (no boots)
Will    .....        (amulet unavailable)
Stlth   ++           (ring unavailable)
HPRegen 0.22/turn    (ring unavailable)
MPRegen 0.08/turn    (no gizmo)

%: no passive effects
@: revved
A: off-hand wielding, slow wielding, warmup strikes, no jewellery
a: Invent Gizmo


You were on level 2 of the Dungeon.
You visited 1 branch of the dungeon, and saw 2 of its levels.

You collected 12 gold pieces.

Inventory:

Hand Weapons
 d - a +0 mace (weapon) {Osbert}
 e - a +0 dagger
Armour
 a - a +0 robe (worn)
Scrolls
 c - 2 scrolls of identify {unknown}


   Skills:
 - Level 1.7 Dodging
 - Level 1.5 Stealth
 - Level 1.7 Spellcasting
 - Level 0.8 Conjurations
 + Level 3.7 Alchemy


You had 2 spell levels left.
You knew the following spells:

 Your Spells              Type           Power      Damage    Failure   Level
a - Sting                 Conj/Alch      28%        1d4       10%         1

Your spell library contained the following spells:

 Spells                   Type           Power      Damage    Failure   Level
 Mercury Vapours          Alch/Air       12%        N/A       17%         2
 Mephitic Cloud           Conj/Alch/Air  5%         N/A       36%         3
 Olgreb's Toxic Radiance  Alch           11%        N/A       47%         4
 Sticky Flame             Fire/Alch      6%         2d4       75%         4


Dungeon Overview and Level Annotations

Branches:
Dungeon (2/15)

Altars:


Innate Abilities, Weirdness & Mutations

You can wield a second weapon in your off-hand.
It takes a long time for you to wield or remove held weapons.
Your first few attacks do less damage.
You cannot equip rings or amulets.


Message History

Confirm with . or Enter, or press ? or * to list all spells.
Aiming: Sting (safe; 10% risk of failure)
Press: ? - help, Shift-Dir - straight line, f/p - ribbon worm
Aim: a ribbon worm (lightly wounded, poisoned, 89% to hit)
The sting hits the ribbon worm.
The ribbon worm looks even sicker.
The ribbon worm is lightly wounded.
Casting: Sting (safe; 10% risk of failure)
Confirm with . or Enter, or press ? or * to list all spells.
Aiming: Sting (safe; 10% risk of failure)
Press: ? - help, Shift-Dir - straight line, f/p - ribbon worm
Aim: a ribbon worm (moderately wounded, very poisoned, 89% to hit)
The sting hits the ribbon worm.
The ribbon worm looks even sicker.
The ribbon worm is moderately wounded.
Casting: Sting (safe; 10% risk of failure)
Confirm with . or Enter, or press ? or * to list all spells.
You don't have enough magic to cast this spell.
Casting: Sting (safe; 10% risk of failure)
Confirm with . or Enter, or press ? or * to list all spells.
You don't have enough magic to cast this spell.
Casting: Sting (safe; 10% risk of failure)
Confirm with . or Enter, or press ? or * to list all spells.
You don't have enough magic to cast this spell.
You hit the ribbon worm.
The ribbon worm is moderately wounded.
The ribbon worm barely misses you.
You barely miss the ribbon worm.
The ribbon worm is heavily wounded.
The ribbon worm bites you.
You barely miss the ribbon worm.
The ribbon worm is heavily wounded.
The ribbon worm expels a string of sticky webbing.
The stream of webbing hits you but does no damage.
You are caught in a web!
The web tears apart.
The ribbon worm bites you!
Ouch! That really hurt!
* * * LOW HITPOINT WARNING * * *
You hit the ribbon worm but do no damage.
The ribbon worm is heavily wounded.
The ribbon worm bites you.
You die...

... .. .. . .# #.
##.# . ...## .
#.##... ...
#.#..##...# .#.
#...@w.# ..
###.#......? ..
##..#....... ##.
###..##....... .
#..
##...####..#^.. .#
#.# ##...........
.. .#
#.###...##......#.
. .####.#....##
.#.......
...........#
.####.#


You could see a ribbon worm (very poisoned).

Vanquished Creatures
  A jackal (D:2)
  A quokka (D:2)
  A frilled lizard (D:2)
  A kobold (D:1)
  A rat (D:1)
5 creatures vanquished.

Notes
Turn   | Place    | Note
-------+----------+-------------------------------------------
     0 | D:1      | dolemite99 the Coglin Alchemist began the quest for the
                  | Orb.
     0 | D:1      | Reached XP level 1. HP: 13/13 MP: 3/3
   786 | D:2      | Slain by a ribbon worm

Illustrated notes

Levels and vault maps discovered:
D:1:      dpeg_arrival_windows_large_door, layout_rooms,
          shapermc_ecumenical_altar_venn, minmay_tetromino_i2
D:2:      layout_rooms

Action                     || total
---------------------------++-------
  Melee: Mace              ||     5
   Cast: Sting             ||    14
    Use: Potion            ||     1
 Armour: Robe              ||    21
  Dodge: Dodged            ||    19

Table legend: (Time is in decaauts)
 A = Elapsed time spent in this place.
 B = Non-inter-level travel time spent in this place.
 C = Inter-level travel time spent in this place.
 D = Time resting spent in this place.
 E = Time spent auto-exploring this place.
 F = Levels seen in this place.
 G = Mean time per level.
                   A        B        C        D        E       F      G
               +--------+--------+--------+--------+--------+-----+--------+
         Total |    787 |    787 |      0 |    629 |     73 |   2 |  393.5 |
       Dungeon |    787 |    787 |      0 |    629 |     73 |   2 |  393.5 |
               +--------+--------+--------+--------+--------+-----+--------+

Top non-repeatable levels by time:
     D:2: 706 daAuts
     D:1: 81 daAuts
